 Dungeon Crawl Stone Soup version 0.30.0-17-ge0270778cf (webtiles) character file.

Game seed: 17238551124741267799

952 browni3141 the Shooter (level 8, 0/54 HPs)
             Began as a Human Hexslinger on May 22, 2023.
             Slain by a bullfrog (3 damage)
             ... on level 8 of the Dungeon.
             The game lasted 00:15:34 (5448 turns).

browni3141 the Shooter (Human Hexslinger)           Turns: 5448, Time: 00:15:34

Health: 0/54       AC:  2    Str: 10    XL:     8   Next: 36%
Magic:  7/9        EV: 13    Int: 13    God:
Gold:   157        SH:  0    Dex: 23    Spells: 5/9 levels left

rFire   . . .        b - +2 dagger (drain)
rCold   + + .        (no shield)
rNeg    . . .        c - +0 robe
rPois   +            (no helmet)
rElec   +            (no cloak)
rCorr   +            (no gloves)
SInv    .            (no boots)
Will    .....        (no amulet)
Stlth   ++           V - +6 ring of dexterity
HPRegen 0.29/turn    M - ring of ice
MPRegen 0.11/turn

%: no passive effects
@: resistant
A: no striking features
a: no special abilities


You were on level 8 of the Dungeon.
You visited 1 branch of the dungeon, and saw 6 of its levels.

You collected 157 gold pieces.

Inventory:

Hand Weapons
 a - a +1 sling
 b - a +2 dagger of draining (weapon)
 I - a +1 rapier of protection
Missiles
 J - 5 poisoned darts
 T - 2 javelins
Armour
 c - a +0 robe (worn)
 Y - a +0 helmet
Jewellery
 M - a ring of ice (right hand)
 V - a +6 ring of dexterity (left hand)
Scrolls
 f - 2 scrolls of butterflies
 G - a scroll of torment {unknown}
 L - a scroll of magic mapping {unknown}
 O - a scroll of amnesia {unknown}
 P - 2 scrolls of teleportation {unknown}
 Q - 2 scrolls of poison
 S - a scroll of noise {unknown}
 Z - a scroll of silence {unknown}
Potions
 i - a potion of invisibility
 C - 4 potions of curing
 F - a potion of mutation
 H - a potion of berserk rage {unknown}
 K - 2 potions of cancellation {unknown}
 R - a potion of heal wounds {unknown}
 U - a potion of degeneration {unknown}
 W - 2 potions of attraction {unknown}
 X - a potion of might {unknown}


   Skills:
 - Level 1.0 Fighting
 * Level 7.6 Ranged Weapons
 - Level 2.0 Dodging
 - Level 2.0 Stealth
 - Level 1.0 Spellcasting
 * Level 5.2 Hexes
 + Level 2.0 Fire Magic


You had 5 spell levels left.
You knew the following spells:

 Your Spells              Type           Power      Damage    Failure   Level
i - Inner Flame           Hex/Fire       10%        N/A       19%         3
S - Slow                  Hex            56%        N/A       3%          1

Your spell library contained the following spells:

 Spells                   Type           Power      Damage    Failure   Level
 Sting                    Tmut/Pois      0%         1d3       28%         1
 Portal Projectile        Hex/Tloc       14%        N/A       28%         3
 Cause Fear               Hex            7%         N/A       32%         4
 Poisonous Vapours        Pois/Air       0%         N/A       38%         2
 Olgreb's Toxic Radiance  Pois           0%         N/A       95%         4


Dungeon Overview and Level Annotations

Branches:
Dungeon (5/15)
 Temple: D:4-7

Altars:
Yredelemnul

Annotations:
D:4 exclusion: hobgoblin, Edmund, Menkaure
D:5 Ijyb


Message History

You sense an unholy aura.
b - a +2 dagger of draining (weapon)
The bullfrog closely misses you. The ice beast closely misses you.
You hit the ice beast. You drain the ice beast.
The ice beast is heavily wounded.
The bullfrog misses you.
You hit the ice beast but do no damage. You drain the ice beast.
The ice beast is severely wounded.
The bullfrog misses you. The ice beast hits you.
* * * LOW HITPOINT WARNING * * *
The ice beast freezes you. You resist.
* * * LOW HITPOINT WARNING * * *
The bullfrog closely misses you.
You barely miss the ice beast.
The ice beast is severely wounded.
The bullfrog completely misses you. The ice beast closely misses you.
You barely miss the ice beast.
The ice beast is severely wounded.
The bullfrog hits you.
* * * LOW HITPOINT WARNING * * *
A steam dragon comes into view.
The bullfrog hits you.
* * * LOW HITPOINT WARNING * * *
As you read the scroll of butterflies, it crumbles to dust.
You hear the flapping of tiny wings.
The ice beast is knocked back by the sudden gust.
The bullfrog is knocked back by the sudden gust.
The bullfrog hits your butterfly!
Your butterfly dies!
Your butterfly disappears in a burst of colours!
You feel better.
The ice beast is no longer moving slowly.
The bullfrog misses your butterfly.
The ice beast barely misses your butterfly.
The steam dragon breathes steam at you. The ball of steam hits your butterfly!!
Your butterfly dies!
Your butterfly disappears in a burst of colours!
The ball of steam hits your butterfly!
Your butterfly dies!
Your butterfly disappears in a burst of colours!
The ball of steam hits your butterfly!!
Your butterfly dies!
Your butterfly disappears in a burst of colours!
The ball of steam hits your butterfly!
Your butterfly dies!
Your butterfly disappears in a burst of colours!
The ball of steam misses you.
You swap places.
Your butterfly is engulfed in a cloud of scalding steam.
Your butterfly dies!
Your butterfly disappears in a burst of colours!
The bullfrog misses your butterfly.
Your butterfly is engulfed in a cloud of scalding steam.
Your butterfly dies!
Your butterfly disappears in a burst of colours!
The ice beast hits your butterfly.
Your butterfly dies!
Your butterfly disappears in a burst of colours!
The bullfrog hits your butterfly.
Your butterfly dies!
Your butterfly disappears in a burst of colours!
Your butterfly is engulfed in a cloud of scalding steam.
Your butterfly dies!
Your butterfly disappears in a burst of colours!
You feel protected.
The bullfrog closely misses your butterfly.
You are too injured to fight recklessly!
You hit the ice beast. You drain the ice beast.
The ice beast is severely wounded.
Your butterfly is engulfed in a cloud of scalding steam.
Your butterfly dies!
Your butterfly disappears in a burst of colours!
The ice beast closely misses you. The steam dragon misses your butterfly.
The steam dragon closely misses your butterfly.
You hit the ice beast.
The ice beast is almost dead.
Your butterfly is engulfed in a cloud of scalding steam.
Your butterfly dies!
Your butterfly disappears in a burst of colours!
The bullfrog misses you.
The ice beast hits you but does no damage.
You closely miss the ice beast.
The ice beast is almost dead.
The bullfrog barely misses you.
The ice beast hits you but does no damage.
The steam dragon breathes steam at you. The ball of steam hits your butterfly!!
Your butterfly dies!
Your butterfly disappears in a burst of colours!
The ball of steam hits you!
* * * LOW HITPOINT WARNING * * *
The bullfrog releases a deep croak.
The bullfrog closely misses you.
You hit the ice beast.
You kill the ice beast!
You are engulfed in a cloud of scalding steam.
* * * LOW HITPOINT WARNING * * *
The bullfrog hits you.
You die...

###### ## #.#..####.
###......#..
######§.........#
##...§.§..........
###@§§.D§.........(.
##..F..bbb...........
#..bbbbb.b...........
#....b.b.bbb....##....
#....bbbbbb##....##....
#......##b.b##....##....
#.....b.#...# ##...
#........##.... ...
......).. #...


You could see a bullfrog (ally target).

Vanquished Creatures
  Sigmund (D:3)
  An ice beast (D:8)
  An ogre (D:4)
  A phantom (D:4)
  A scorpion (D:5)
  3 howler monkeys (D:8)
  A hound (D:5)
  Jessica (D:3)
  Terence (D:3)
  An iguana (D:4)
  Natasha (thrice) (D:3)
  An orc wizard (D:3)
  Robin (D:4)
  3 gnolls (D:4)
  9 adders
  An ufetubus (D:5)
  A worm (D:2)
  6 dart slugs
  6 orcs
  6 ball pythons
  8 endoplasms
  4 giant cockroaches
  16 goblins
  8 hobgoblins
  2 jackals (D:4)
  3 quokkas
  8 bats
  5 frilled lizards
  11 kobolds
  22 rats
136 creatures vanquished.

Notes
Turn   | Place    | Note
-------+----------+-------------------------------------------
     0 | D:1      | browni3141 the Human Hexslinger began the quest for the
                  | Orb.
     0 | D:1      | Reached XP level 1. HP: 15/15 MP: 2/2
   175 | D:1      | Reached XP level 2. HP: 21/21 MP: 1/3
   293 | D:1      | Reached XP level 3. HP: 26/26 MP: 4/4
  1066 | D:2      | Reached XP level 4. HP: 27/32 MP: 5/5
  1139 | D:2      | Found a basalt altar of Yredelemnul.
  1555 | D:2      | Reached skill level 3 in Ranged Weapons
  1960 | D:3      | Reached XP level 5. HP: 35/37 MP: 6/6
  1972 | D:3      | Noticed Jessica
  1991 | D:3      | Killed Jessica
  2061 | D:3      | Noticed Sigmund
  2225 | D:3      | Reached skill level 4 in Ranged Weapons
  2325 | D:3      | Noticed Terence
  2355 | D:3      | Killed Terence
  2356 | D:3      | Reached XP level 6. HP: 43/43 MP: 5/7
  2461 | D:3      | Noticed Natasha
  2463 | D:3      | Killed Natasha
  2464 | D:3      | Reached skill level 5 in Ranged Weapons
  2558 | D:3      | Killed Sigmund
  2559 | D:3      | Reached skill level 6 in Ranged Weapons
  2559 | D:3      | Reached XP level 7. HP: 33/48 MP: 8/8
  2741 | D:3      | Noticed Natasha
  2746 | D:3      | Killed Natasha
  2833 | D:3      | Noticed Natasha
  2837 | D:3      | Killed Natasha
  3252 | D:4      | Noticed Robin
  3258 | D:4      | Killed Robin
  3484 | D:4      | Noticed Edmund
  3598 | D:3      | Learned a level 3 spell: Inner Flame
  3956 | D:4      | Noticed Menkaure
  4100 | D:4      | Reached skill level 7 in Ranged Weapons
  5009 | D:4      | Reached XP level 8. HP: 47/54 MP: 9/9
  5207 | D:5      | Entered Level 5 of the Dungeon
  5276 | D:5      | Noticed Ijyb
  5377 | D:5      | You fall into a shaft and drop 3 floors!
  5448 | D:8      | Slain by a bullfrog

Illustrated notes

Levels and vault maps discovered:
D:1:      matt_arrival_los_fun, layout_basic, minmay_hexomino_p4
D:2:      layout_loops_ring, basic_altar
D:3:      layout_basic, uniq_terence, uniq_natasha, uniq_sigmund, uniq_jessica
D:4:      layout_basic, minmay_rat_hole, uniq_edmund, uniq_menkaure, uniq_robin
D:5:      layout_loops_corners, uniq_ijyb, uniq_pikel, uniq_crazy_yiuf_cottage
D:8:      layout_cave_pools, mainiacjoe_overflow_24_doors,
          grunt_temple_overflow_diamond, chequers_temple_overflow_minitemple,
          enter_bailey_2

Skill      XL: |  1  2  3  4  5  6  7  8 |
---------------+-------------------------+-----
Stealth        | 1 2 |  2.0
Hexes          | 4 5 |  5.2
Ranged Weapons | 3 4 6 7 |  7.6
Fire Magic     | 1 2 |  2.0
Fighting       | |  1.0
Dodging        | |  2.0
Spellcasting   | |  1.0

Action                     |  1- 3 |  4- 6 |  7- 9 || total
---------------------------+-------+-------+-------++-------
  Melee: Dagger            |       |    64 |    74 ||   138
         Punch             |       |     1 |       ||     1
   Fire: Sling             |   116 |    80 |   172 ||   368
   Cast: Slow              |    13 |    11 |    20 ||    44
    Use: Potion            |     1 |       |     2 ||     3
         Scroll            |       |       |     5 ||     5
   Stab: Sleeping          |       |     2 |       ||     2
         Distracted        |       |     1 |       ||     1
 Armour: Robe              |    13 |    12 |    14 ||    39
  Dodge: Dodged            |    60 |    37 |    74 ||   171
